Map: Dämmertürme

Players

Nukedexcedo - Winner!

  • Race: Protoss Protoss
  • League: Master
  • Spawn Location: 7:00

schmokmok

  • Race: Zerg Zerg
  • League: Master
  • Spawn Location: 1:00

VOD

Have the link to the VOD?

Description

Time

  • Played on: Feb. 14, 2016, 3:52 p.m.
  • Length: 7:04
Show
View Real Time Build Order
Export as new Build Order

Nukedexcedo Protoss - Winner!

Build Orders: Nexus First 

Get SALT Encoding   

  12  0:01  Probe (Chrono Boost)  
  13  0:12  Probe (Chrono Boost)  
  14  0:17  Pylon  
  14  0:22  Probe (Chrono Boost)  
  15  0:36  Probe (Chrono Boost)  
  16  0:46  Probe (Chrono Boost)  
  17  0:59  Nexus  
  17  1:10  Gateway  
  17  1:14  Probe (Chrono Boost)  
  18  1:25  Probe (Chrono Boost)  
  19  1:26  Assimilator  
  19  1:31  Assimilator  
  19  1:35  Probe (Chrono Boost)  
  20  1:41  Gateway  
  20  1:46  Probe (Chrono Boost)  
  21  1:56  Probe (Chrono Boost)  
  21  1:58  Cybernetics Core  
  22  2:07  Probe (Chrono Boost)  
  23  2:12  Probe (Chrono Boost)  
  24  2:17  Probe (Chrono Boost)  
  26  2:23  Probe (Chrono Boost)  
  26  2:28  Probe (Chrono Boost)  
  27  2:34  Stalker x2 (Chrono Boost)  
  31  2:37  Warp Gate  
  31  2:40  Probe (Chrono Boost)  
  32  2:44  Probe (Chrono Boost)  
  33  2:51  Pylon  
  33  2:52  Probe (Chrono Boost)  
  33  2:56  Probe (Chrono Boost)  
  35  3:06  Probe x2 (Chrono Boost)  
  35  3:10  Twilight Council  
  37  3:17  Probe (Chrono Boost), Mothership Core (Chrono Boost)  
  40  3:27  Probe (Chrono Boost)  
  40  3:33  Pylon  
  41  3:35  Probe (Chrono Boost)  
  41  3:40  Adept  
  44  3:42  Probe (Chrono Boost)  
  44  3:46  Pylon, Nexus  
  45  3:50  Charge (Chrono Boost)  
  45  3:54  Probe  
  46  4:03  Probe  
  46  4:04  Adept  
  46  4:07  Probe  
  46  4:09  Adept  
  52  4:13  Probe  
  53  4:18  Robotics Facility  
  53  4:21  Pylon  
  53  4:25  Probe  
  53  4:31  Pylon  
  54  4:38  Probe  
  54  4:39  Probe  
  54  4:45  Gateway  
  56  4:46  Gateway  
  56  4:48  Gateway  
  56  4:51  Gateway  
  56  4:53  Gateway  
  56  4:59  Gateway  
  56  5:02  Probe  
  56  5:05  Warp Prism (Chrono Boost)  
  56  5:06  Probe  
  59  5:08  Probe  
  61  5:14  Probe  
  61  5:17  Pylon  
  61  5:18  Pylon, Probe  
  61  5:20  Pylon, Probe  
  64  5:31  Zealot x2  
  66  5:39  Immortal (Chrono Boost)  
  66  5:41  Zealot x2  
  74  5:47  Zealot x2  
  78  5:50  Zealot  
  78  5:52  Zealot x2  
  84  6:09  Zealot x3  
  84  6:10  Zealot x3  
  96  6:27  Zealot x3  
  96  6:30  Zealot x3  
  100  6:48  Zealot x2  
  100  6:49  Zealot x3  
Show
View Real Time Build Order
Export as new Build Order

schmokmok Zerg 

Build Orders: 3 Hatch before Pool 

Get SALT Encoding   

  12  0:00  Drone  
  13  0:12  Overlord  
  13  0:17  Drone  
  14  0:30  Drone  
  14  0:31  Drone  
  14  0:35  Drone  
  17  0:53  Hatchery  
  17  0:55  Drone  
  17  0:58  Drone  
  18  1:09  Extractor  
  18  1:18  Hatchery  
  18  1:22  Drone  
  18  1:25  Drone  
  19  1:36  Extractor  
  18  1:40  Spawning Pool  
  18  1:44  Drone  
  18  1:45  Drone  
  19  1:51  Drone  
  20  2:01  Drone  
  20  2:06  Drone  
  22  2:10  Drone  
  23  2:16  Drone  
  24  2:26  Queen  
  24  2:27  Queen  
  24  2:29  Queen  
  30  2:38  Zergling x6  
  30  2:40  Zergling x2  
  30  2:44  Metabolic Boost  
  34  2:48  Overlord  
  34  2:53  Overlord  
  34  3:08  Drone x4  
  34  3:12  Drone x4  
  42  3:17  Drone  
  43  3:22  Drone x2  
  43  3:25  Drone  
  46  3:30  Overlord  
  46  3:34  Drone x2  
  46  3:39  Drone x2  
  50  3:42  Overlord  
  50  3:44  Extractor  
  50  3:48  Drone x2  
  50  3:49  Drone x3  
  50  3:50  Drone x3  
  57  3:56  Overlord  
  57  4:08  Drone x2  
  57  4:09  Lair, Overlord  
  57  4:13  Drone, Roach Warren  
  57  4:16  Evolution Chamber  
  56  4:19  Drone x6  
  56  4:22  Drone  
  56  4:23  Drone x2  
  65  4:28  Drone x2  
  65  4:29  Extractor, Drone  
  65  4:31  Extractor  
  66  4:33  Drone  
  67  4:40  Overlord  
  67  4:42  Zerg Missile Weapons Level 1  
  67  4:47  Overlord  
  67  4:50  Zergling x4  
  69  4:53  Overlord  
  69  4:55  Overlord  
  69  4:58  Overlord  
  69  5:02  Spine Crawler  
  69  5:03  Spore Crawler, Roach x5  
  69  5:04  Roach x2  
  69  5:06  Overlord  
  81  5:08  Extractor  
  81  5:13  Roach  
  82  5:14  Glial Reconstitution  
  82  5:15  Overlord  
  82  5:16  Drone  
  83  5:28  Overlord  
  82  5:32  Drone x2  
  82  5:33  Drone x3, Hydralisk Den  
  86  5:47  Overlord  
  86  5:48  Overlord  
  86  5:54  Extractor  
  86  5:56  Drone x3  
  88  5:57  Roach x2  
  88  5:58  Roach x2  
  88  6:03  Overseer  
  96  6:04  Hatchery  
  96  6:08  Hydralisk x4  
  103  6:12  Zergling x4  
  103  6:14  Overlord  
  103  6:29  Roach x3  
  103  6:31  Roach  
  104  6:33  Roach x2  
  104  6:34  Roach  
  104  6:36  Roach  
  104  6:37  Roach x2  
  104  6:39  Roach  
  107  6:44  Roach x2  
Tags
 
Add a new tag
Caveats
  • Supply blocks, unpowered buildings, or Contaminate may cause inaccurate times.
  • Supply counts are checked every 10 seconds.